 Dungeon Crawl Stone Soup version 0.31.0-32-g396128a36d (webtiles) character file.

Game seed: 6992294861668575412

2558 Curundu the Cleaver (level 9, -1/82 HPs)
             Began as a Minotaur Berserker on Mar 12, 2024.
             Was a High Priest of Trog.
             Slain by a sky beast (5 damage)
             ... on level 7 of the Dungeon.
             The game lasted 00:19:42 (7367 turns).

Curundu the Cleaver (Minotaur Berserker)            Turns: 7367, Time: 00:19:42

Health: -1/82      AC: 17    Str: 25    XL:     9   Next: 31%
Magic:  8/8        EV:  8    Int:  4    God:    Trog [*****.]
Gold:   486        SH:  0    Dex: 11    Spells: 8/8 levels left

rFire   . . .        a - +1 hand axe
rCold   . . .        (no shield)
rNeg    . . .        k - +1 plate armour
rPois   .            (helmet restricted)
rElec   .            w - +0 cloak
rCorr   .            h - +0 pair of gloves
SInv    .            (no boots)
Will    .....        (no amulet) Stlth
                     (no ring)
HPRegen 0.33/turn    (no ring)
MPRegen 0.11/turn

%: no passive effects
@: on berserk cooldown, slowed, studying Fighting, very slow
A: horns 2, retaliatory headbutt
a: Renounce Religion, Berserk, Trog's Hand, Brothers in Arms


You were on level 7 of the Dungeon.
You worshipped Trog.
Trog was extremely pleased with you.
You visited 1 branch of the dungeon, and saw 7 of its levels.

You collected 486 gold pieces.

Inventory:

Hand Weapons
 a - a +1 hand axe (weapon)
Missiles
 o - 6 silver javelins (quivered)
Armour
 h - a +0 pair of gloves (worn)
 k - a +1 plate armour (worn)
 w - a +0 cloak (worn)
Jewellery
 p - a ring of protection from fire
 x - a ring of fire
 B - a ring of protection from fire
Wands
 b - a wand of flame (18)
 r - a wand of iceblast (3)
 s - a wand of charming (10)
Scrolls
 e - a scroll of fear
 l - a scroll of teleportation
 q - 3 scrolls of revelation
Potions
 c - a potion of lignification
 d - a potion of might
 g - 3 potions of curing
 i - a potion of heal wounds
 u - a potion of haste {unknown}
 z - a potion of magic {unknown}


   Skills:
 * Level 8.5 Fighting
 + Level 10.8 Axes
 + Level 7.8 Armour
 * Level 4.3 Dodging
 - Level 0.5 Stealth
 * Level 2.2 Shields


You had 8 spell levels left.
You didn't know any spells.
Your spell library was empty.

Dungeon Overview and Level Annotations

Branches:
Dungeon (7/15)             Temple (0/1) D:5

Altars:
Ashenzari
Elyvilon
Gozag
Hepliaklqana
Sif Muna
Trog


Innate Abilities, Weirdness & Mutations

You have a pair of horns on your head.
You reflexively headbutt those who attack you in melee.


Message History

Trog accepts your kill.
You feel a strong urge to attack something.
You are no longer berserk.
You are exhausted.
You feel yourself slow down.
The sky beast flickers out of sight!
Deactivating autopickup; reactivate with Ctrl-A.
You barely miss something. Something hits you but does no damage.
You miss something. Your headbutt misses something. Something hits you.
Something shocks you.
You slash something! Something hits you. Something shocks you.
* * * LOW HITPOINT WARNING * * *
Something hits you but does no damage.
You slash something! Your headbutt misses something.
A sky beast appears from thin air!
Reactivating autopickup.
The sky beast closely misses you.
You hit the sky beast.
The sky beast is almost dead.
The sky beast hits you but does no damage.
You hit the sky beast but do no damage.
The sky beast is severely wounded.
The sky beast hits you but does no damage.
The rain has left you waist-deep in water!
Splash!
You fall into the shallow water.
Moving in this stuff is going to be slow.
Your unstable footing causes you to fumble your attack.
The sky beast hits you.
* * * LOW HITPOINT WARNING * * *
The sky beast shocks you.
* * * LOW HITPOINT WARNING * * *
As you read the scroll of fog, it dissolves into smoke.
The sky beast hits you.
* * * LOW HITPOINT WARNING * * *
The sky beast shocks you.
* * * LOW HITPOINT WARNING * * *
The sky beast hits you.
* * * LOW HITPOINT WARNING * * *
The sky beast shocks you.
You die...

*,*,*>,,*,,,,,*,* *,*
*,,,,,,,...,,**,#****,*
****.,**#..****.##.**,*
*,.###..####.#.#,*,*
*,,...........##*,,*
*,**#..........#,,,*
*,* #.§...[..#*,**,*
*,* #.§§§§§..#*,**,*
*,* #..§@§...#*,**,*
###,* #..§Y§...#*,**,*
#### #..,*
#...§§§..#*,**,*
...####.#**
####†###....,,,*
##...##.# #[###*##.****
§###.##.### #...# *,*
≈≈##.##...# ###.# *,*
§§#.....#.## #.§.####.#
***** ..+........#
#.§......# *,,,,


You could see a sky beast.

Vanquished Creatures
  A steam dragon (D:7)
  A water moccasin (D:5)
  2 sky beasts
  A black bear (D:7)
  2 ogres (D:6)
  A centaur (D:5)
  A phantom (D:5)
  Blork the orc (D:6)
  A kobold brigand (D:5)
  A gnoll sergeant (D:5)
  8 scorpions
  5 wights (D:7)
  3 bombardier beetles
  A hound (D:4)
  2 orc priests (D:5)
  2 jellies (D:7)
  5 iguanas
  5 orc wizards
  9 gnolls (D:5)
  6 adders
  A river rat (D:6)
  3 dart slugs
  12 orcs
  7 ball pythons
  5 bats
  6 endoplasms
  5 giant cockroaches
  9 hobgoblins
  11 jackals
  53 kobolds
  3 quokkas
  3 frilled lizards (D:1)
  6 goblins
  11 rats
193 creatures vanquished.

Notes
Turn   | Place    | Note
-------+----------+-------------------------------------------
     0 | D:1      | Curundu the Minotaur Berserker began the quest for the Orb.
     0 | D:1      | Reached XP level 1. HP: 19/19 MP: 0/0
   195 | D:1      | Reached skill level 4 in Axes
   195 | D:1      | Reached XP level 2. HP: 27/27 MP: 1/1
  1019 | D:2      | Reached XP level 3. HP: 33/33 MP: 2/2
  1056 | D:2      | Reached ** piety under Trog
  1563 | D:3      | Reached XP level 4. HP: 41/41 MP: 3/3
  1726 | D:3      | Found a hazy altar of Hepliaklqana.
  1793 | D:3      | Found a faded altar of an unknown god.
  2140 | D:3      | Reached skill level 5 in Axes
  2158 | D:3      | Found a white marble altar of Elyvilon.
  2211 | D:3      | Found an opulent altar of Gozag.
  2490 | D:3      | Found a shimmering blue altar of Sif Muna.
  2512 | D:3      | Reached XP level 5. HP: 42/47 MP: 4/4
  2656 | D:4      | Reached skill level 6 in Axes
  2707 | D:4      | Identified the +3 leather armour "Voegun" {-Tele Will+
                  | Regen+ Int+3}
  2794 | D:4      | Reached XP level 6. HP: 52/55 MP: 5/5
  2963 | D:4      | Reached skill level 5 in Fighting
  3268 | D:4      | Reached *** piety under Trog
  3630 | D:5      | Entered Level 5 of the Dungeon
  3645 | D:5      | Reached skill level 7 in Axes
  3648 | D:5      | Reached XP level 7. HP: 60/61 MP: 6/6
  3694 | D:5      | Reached skill level 5 in Armour
  4118 | D:5      | Reached skill level 8 in Axes
  4175 | D:5      | Found a broken altar of Ashenzari.
  4248 | D:5      | Found a staircase to the Ecumenical Temple.
  5007 | D:5      | Reached XP level 8. HP: 61/67 MP: 7/7
  5213 | D:5      | Reached **** piety under Trog
  5243 | D:5      | Reached skill level 9 in Axes
  5675 | D:5      | Identified a scroll of acquirement
  5675 | D:5      | Acquired a manual of Fighting
  6176 | D:6      | Reached skill level 10 in Axes
  6416 | D:6      | Found a bloodstained altar of Trog.
  6708 | D:6      | Noticed Blork the orc
  6718 | D:6      | Killed Blork the orc
  6718 | D:6      | Reached ***** piety under Trog
  6990 | D:6      | Identified the +2 leather armour of Cowardice {Str+6 Dex+3}
  7097 | D:7      | Reached skill level 1 in Shields
  7128 | D:7      | Reached XP level 9. HP: 67/79 MP: 8/8
  7367 | D:7      | HP: 4/82 [sky beast (2)]
  7367 | D:7      | Slain by a sky beast

Illustrated notes

Levels and vault maps discovered:
D:1:      mrwooster_arrival_statue, layout_loops_ring
D:2:      layout_basic
D:3:      layout_basic, elyvilon_altar_1,
          nicolae_gozag_cash_rules_everything_around_me,
          mainiacjoe_overflow_24_doors, kennysheep_orc_sif_temple,
          dreamdust_ecumenical_altar_angels_and_demons
D:4:      layout_basic, corexii_checkpoint
D:5:      minmay_goblin_kobold_castle, layout_layer_cave,
          nicolae_ashenzari_panopticon, temple_fountains
D:6:      layout_layer_cave, lightli_temple_of_fire, portal_sewer_entry_b,
          uniq_blork_the_orc
D:7:      layout_loops_cross, kennysheep_flooded_box, uniq_pikel

Skill      XL: |  1  2  3  4  5  6  7  8  9 |
---------------+----------------------------+-----
Axes           | 4 5 6 7 8 10 | 10.8
Fighting       | 4 5 6 7 8 |  8.5
Armour         | 3 4 5 7 |  7.8
Dodging        | 3 4 |  4.3
Shields        | 1 2 |  2.2
Stealth        | |  0.5

Action                     |  1- 3 |  4- 6 |  7- 9 || total
---------------------------+-------+-------+-------++-------
  Melee: Hand axe          |    82 |   142 |   274 ||   498
         Headbutt          |    12 |    19 |    45 ||    76
         Punch             |       |     2 |     3 ||     5
 Invoke: Trog's Hand       |       |     2 |     1 ||     3
         Berserk           |       |     1 |     3 ||     4
    Use: Scroll            |       |       |    18 ||    18
 Armour: Chain mail        |    48 |       |       ||    48
         Plate armour      |    25 |   101 |   259 ||   385
  Dodge: Dodged            |    47 |    41 |   105 ||   193
